 Dungeon Crawl Stone Soup version 0.29.1-14-g9c671dbff4 (webtiles) character file.

Game seed: 6420616046455855542

140814 Gabide the Imperceptible (level 17, -5/170 HPs)
             Began as a Naga Monk on Feb 14, 2023.
             Was the Champion of Dithmenos.
             Slain by an eight-headed hydra (7 damage)
             ... on level 4 of the Swamp.
             The game lasted 01:31:11 (29345 turns).

Gabide the Imperceptible (Naga Monk)               Turns: 29345, Time: 01:31:11

Health: -5/170     AC: 16    Str: 17    XL:     17   Next: 31%
Magic:  17/17      EV: 17    Int: 14    God:    Dithmenos [******]
Gold:   2495       SH:  8    Dex: 23    Spells: 16/16 levels left

rFire   . . .      SeeInvis +   b - +9 dagger (vamp)
rCold   . . .      Faith    .   L - +2 buckler
rNeg    + . .      Spirit   .   l - +3 ring mail "Ywet" {Will+}
rPois   +          Reflect  .   r - +0 hat {Stlth+}
rElec   .          Harm     .   O - +0 cloak
rCorr   +          Rampage  .   i - +2 pair of gloves {Dex+3}
Will    +++..                   (no barding) Stlth ********++
                                k - amulet of regeneration
HPRegen 1.18/turn               w - ring of flight
MPRegen 0.15/turn               J - ring of Ihuddygilof {rN+ rCorr Str+3 Int+2 Stlth+}

@: flying, wreathed by umbra, invisible, very slow
A: AC +5, large, see invisible, deformed body, poison resistance, slowness 2,
spit poison 1, naga tail 2
a: Spit Poison, Renounce Religion, Shadow Step, Shadow Form


You were on level 4 of the Swamp.
You worshipped Dithmenos.
Dithmenos was exalted by your worship.
You visited 5 branches of the dungeon, and saw 27 of its levels.
You also visited: Bailey.

You collected 4180 gold pieces.
You spent 1685 gold pieces at shops.

Inventory:

Hand Weapons
 b - a +9 vampiric dagger (weapon)
 u - a +1 vorpal great sword
Missiles
 c - 6 curare-tipped darts
 v - 3 throwing nets
Armour
 f - a +2 troll leather armour
 i - a +2 pair of gloves of dexterity (worn)
 l - the +3 ring mail "Ywet" (worn) {Will+}
   (You found it on level 12 of the Dungeon)

   Will:      It increases your willpower.
 p - a +2 hat
 r - a +0 hat of stealth (worn)
 L - a +2 buckler (worn)
 O - a +0 cloak (worn)
 P - the +2 hat of the Bear Spirit {Spirit, *Rage Will++}
   (You found it on level 3 of the Lair of Beasts)

   Going berserk makes the wearer tougher, and they're slowed less afterward.
   *Rage:     It berserks you when you make melee attacks (+20% chance).
   Will:      It greatly increases your willpower.
Jewellery
 g - a ring of protection from fire
 k - an amulet of regeneration (around neck)
 q - a ring of protection from fire
 w - a ring of flight (left hand)
 E - a +4 ring of protection
 J - the ring of Ihuddygilof (right hand) {rN+ rCorr Str+3 Int+2 Stlth+}
   (You bought it in a shop on level 2 of the Orcish Mines)

   [ring of resist corrosion]

   Str:       It affects your strength (+3).
   Int:       It affects your intelligence (+2).
   rN:        It protects you from negative energy.
   rCorr:     It protects you from acid and corrosion.
   Stlth:     It makes you more stealthy.
 U - a ring of positive energy
 X - a +4 ring of protection
Wands
 m - a wand of polymorph (18)
 y - a wand of flame (26)
 F - a wand of light (14)
 H - a wand of iceblast (5)
 R - a wand of digging (9)
Scrolls
 h - 5 scrolls of teleportation
 j - 4 scrolls of amnesia
 n - 5 scrolls of immolation
 o - 5 scrolls of enchant weapon
 t - 3 scrolls of fog
 x - a scroll of silence
 A - 2 scrolls of vulnerability
 C - 5 scrolls of blinking
 D - a scroll of brand weapon
 N - a scroll of magic mapping
 S - a scroll of fear
 T - 4 scrolls of poison
Potions
 a - 7 potions of mutation
 d - 4 potions of curing
 e - 4 potions of cancellation
 s - 8 potions of brilliance
 z - 6 potions of lignification
 B - a potion of heal wounds
 G - 2 potions of might
 I - 5 potions of attraction
 K - 2 potions of flight
 M - 3 potions of magic
 Q - 4 potions of berserk rage
 V - 5 potions of haste
 Y - a potion of ambrosia
Miscellaneous
 Z - a lightning rod (4/4)


   Skills:
 + Level 15.6 Fighting
 + Level 15.6 Short Blades
 - Level 4.0 Armour
 + Level 13.0 Dodging
 + Level 22.8 Stealth
 - Level 4.0 Shields


You had 16 spell levels left.
You didn't know any spells.
Your spell library contained the following spells:

 Spells                   Type           Power      Damage    Failure   Level
 Foxfire                  Conj/Fire      0%         2x1d4     52%         1
 Conjure Flame            Conj/Fire      0%         6-21      88%         3
 Dazzling Flash           Conj/Hex       0%         N/A       88%         3
 Inner Flame              Hex/Fire       0%         N/A       88%         3
 Stone Arrow              Conj/Erth      0%         3d7       88%         3
 Tukima's Dance           Hex            0%         N/A       88%         3
 Airstrike                Air            0%         2d(0-16)  99%         4
 Animate Armour           Summ/Erth      0%         N/A       99%         4
 Animate Dead             Necr           0%         N/A       99%         4
 Flame Wave               Conj/Fire      0%         2d4       99%         4
 Iskenderun's Mystic Bla  Conj/Tloc      0%         2d3       99%         4
 Leda's Liquefaction      Hex/Erth       0%         N/A       99%         4
 Passage of Golubria      Tloc           0%         N/A       99%         4
 Summon Lightning Spire   Summ/Air       0%         N/A       99%         4
 Alistair's Intoxication  Tmut/Pois      0%         N/A       100%        5
 Borgnjor's Vile Clutch   Necr/Erth      0%         N/A       100%        5
 Lee's Rapid Deconstruct  Erth           0%         3d5*      100%        5
 Lightning Bolt           Conj/Air       0%         1d11      100%        5
 Summon Mana Viper        Hex/Summ       0%         N/A       100%        5
 Yara's Violent Unravell  Hex/Tmut       0%         3d3       100%        5
 Eringya's Noxious Bog    Tmut/Pois      0%         N/A       100%        6
 Starburst                Conj/Fire      0%         6d3       100%        6
 Statue Form              Tmut/Erth      0%         N/A       100%        6
 Haunt                    Necr/Summ      0%         N/A       100%        7
 Summon Hydra             Summ           0%         N/A       100%        7
 Infestation              Necr           0%         N/A       100%        8
 Lehudib's Crystal Spear  Conj/Erth      0%         10d2      100%        8
 Necromutation            Tmut/Necr      0%         N/A       100%        8


Dungeon Overview and Level Annotations

Branches:
Dungeon (15/15)            Temple (1/1) D:6            Lair (5/5) D:8
  Swamp (4/4) Lair:2       Spider (0/4) Lair:3        Slime (0/5) Lair:4
    Orc (2/2) D:10            Elf (0/3) Orc:2        Vaults (0/5) D:13
 Depths (0/4) D:15         Bailey (visited)

Altars:
Ashenzari
Cheibriados
Dithmenos
Elyvilon
Fedhas
Gozag
Hepliaklqana
Kikubaaqudgha
Makhleb
Nemelex Xobeh
Okawaru
Qazlal
Ru
Sif Muna
Trog
Uskayaw
Vehumet
Wu Jian
Xom
Yredelemnul
Zin
The Shining One
Jiyva

Shops:
D:6 =   D:7 (   D:8 *   D:10 (   Orc:2 *=[:

Annotations:
D:4 1 runed translucent door, Voland's ghost, amateur TeAE
D:9 2 transporters, solar's ghost, novice GrFi
D:15 1 runed translucent door, Waecyras's ghost, adept KoGl
Lair:3 exclusion: ice statue


Innate Abilities, Weirdness & Mutations

Your serpentine skin is tough. (AC +5)
You have supernaturally acute eyesight. (SInv)
Armour fits poorly on your strangely shaped body.
Your system is resistant to poisons. (rPois)
You cover ground very slowly.
You can spit poison.
You can use your snake-like lower body to constrict enemies.


Message History

* * * LOW HITPOINT WARNING * * *
The green death hits you but does no damage.
You block the eight-headed hydra's attack. x2
The eight-headed hydra bites you but does no damage.
The eight-headed hydra closely misses you.
The eight-headed hydra bites you.
* * * LOW HITPOINT WARNING * * *
The eight-headed hydra misses you. x3
You feel better. The great orb of eyes gazes at you.
You resist with almost no effort. The green death misses you.
The green death hits you!!
* * * LOW HITPOINT WARNING * * *
The eight-headed hydra misses you.
You block the eight-headed hydra's attack. x2
The eight-headed hydra misses you. x2
The eight-headed hydra bites you but does no damage.
The eight-headed hydra bites you.
* * * LOW HITPOINT WARNING * * *
The eight-headed hydra misses you. You block the bog body's attack.
You puncture the eight-headed hydra!
The eight-headed hydra is lightly wounded.
Your shadow hits the eight-headed hydra with a dagger.
You hit the eight-headed hydra.
You feel better.
The eight-headed hydra is lightly wounded.
Your shadow barely misses the eight-headed hydra.
The green death hits you.
* * * LOW HITPOINT WARNING * * *
The green death gestures at you. The bolt of poison misses you.
The great orb of eyes completely misses you.
The bog body touches you.
* * * LOW HITPOINT WARNING * * *
The bog body freezes you!
* * * LOW HITPOINT WARNING * * *
The eight-headed hydra closely misses you.
The eight-headed hydra misses you.
The eight-headed hydra bites you but does no damage.
The eight-headed hydra misses you. The eight-headed hydra bites you!
You die...

≈#≈♣≈..##~#≈#.#.#
♣♣~.~♣
#≈#.♣.~.♣#≈#≈#..♣
♣...♣.♣
§~.~~≈..~≈~~~≈.~♣
♣♣§.♣..
.#≈#≈~~≈≈~###~.~#
♣..♣...
#...#~~#≈.#.#≈≈.#
♣♣...~♣
≈...≈.♣.≈#..#≈.~♣
♣~~~.~
...#~≈#≈.#.#≈~.♣
♣♣♣♣♣♣
~#≈#.~#~Gn~##~~~#
~~.~~≈..2@≈~~≈.≈#
#~#≈#.≈.2D~♣~#§~♣
~#≈#~..≈#~♣~#.#
≈≈≈≈≈~~♣~.≈~~≈~≈
Ju#.~≈~#.~~##~.≈
~#.##~#≈≈~#. #≈.♣
#.. #~≈#§#... ~.♣
## #~~#~##?## ♣♣
~≈ ≈≈ #


You could see an eight-headed hydra (unable to see you), 2 green deaths, a great
orb of eyes and a bog body (unable to see you).

Vanquished Creatures
  Bai Suzhen (Swamp:4)
  Rupert (D:12)
  Gastronok (Lair:3)
  A thorn hunter (Swamp:1)
  Kirke (Lair:4)
  2 ghouls
  An orc warlord (Orc:2)
  2 stone giants (Orc:2)
  3 eleionomae
  3 bunyips
  2 ettins
  17 hydras
  2 rakshasas (D:15)
  A shambling mangrove (Swamp:1)
  Harold (Orc:1)
  A hell beast (Swamp:4)
  A vault guard (D:13)
  A ghost crab (Swamp:1)
  5 boulder beetles
  2 centaur warriors
  5 two-headed ogres
  3 alligators
  2 catoblepae
  2 death yaks (Lair:2)
  2 tengu warriors
  Urug (D:11)
  A thrashing horror (Swamp:4)
  Sonja (D:13)
  9 skeletal warriors (D:14)
  8 goliath frogs
  Lodul (D:13)
  A death drake (Swamp:3)
  A glowing orange brain (D:15)
  3 spriggan druids
  8 swamp dragons
  5 bog bodies
  3 deep elf pyromancers (D:15)
  3 manticores
  3 orc knights (Orc:2)
  A lindwurm (Lair:2)
  4 ugly things
  4 will-o-the-wisps
  An orc sorcerer (Orc:1)
  7 cyclopes
  5 black mambas
  Maurice (Orc:2)
  16 elephants
  2 torpor snails
  11 cane toads
  2 orange demons (Swamp:4)
  An unseen horror (D:12)
  A komodo dragon (shapeshifter) (D:15)
  2 kobold demonologists (D:10)
  An efreet (D:15)
  8 komodo dragons
  2 freezing wraiths
  3 rime drakes
  A tengu conjurer (D:14)
  A meliai (D:9)
  11 tyrant leeches
  6 trolls
  5 polar bears
  15 hornets
  10 saltlings (Orc:2)
  Grinder (D:3)
  8 dream sheep (Lair:5)
  16 blink frogs
  2 slime creatures
  2 large abominations (Swamp:4)
  A jumping spider (Lair:3)
  A jumping spider (shapeshifter) (D:15)
  20 spriggans
  4 shadows
  5 wyverns
  A centaur simulacrum (D:14)
  4 wraiths
  2 vampires (D:12)
  5 culicivoras (Lair:3)
  4 hogs (Lair:4)
  58 yaks
  A redback (Lair:3)
  2 steam dragons
  14 vampire mosquitoes
  An acid dragon (D:10)
  9 wargs
  17 swamp worms
  14 water moccasins
  A swamp drake (Swamp:3)
  Duvessa (D:7)
  A sky beast (D:8)
  16 orc warriors
  7 black bears
  6 ice beasts (Lair:3)
  13 ogres
  19 wolves
  10 boggarts
  11 centaurs
  2 kobold brigands
  14 bullfrogs
  2 necrophages
  A gnoll sergeant (D:9)
  2 scorpions
  A hornet simulacrum (D:14)
  8 wights
  Dowan (D:7)
  19 killer bees
  2 howler monkeys
  4 electric eels
  A lava snake (Orc:2)
  8 hounds
  2 jellies (D:6)
  A gnoll bouda (D:7)
  12 orc priests
  4 iguanas
  20 orc wizards
  Robin (D:3)
  18 gnolls
  6 adders
  A shadow imp (D:6)
  5 white imps
  An ufetubus (D:5)
  7 worms
  3 dart slugs
  56 orcs
  An endoplasm (D:1)
  A giant cockroach (D:1)
  20 goblins
  9 hobgoblins
  12 kobolds
  4 quokkas
  3 ball pythons
  4 bats
  5 frilled lizards
  5 rats
  2 butterflies (Lair:3)
777 creatures vanquished.

Vanquished Creatures (collateral kills)
  Erolcha (D:13)
  A hydra (D:13)
2 creatures vanquished.

Vanquished Creatures (others)
  An eleionoma (Swamp:4)
  2 bloated husks
  3 slime creatures (D:15)
  A yak (D:8)
  A wolf (Lair:2)
  A bush (Lair:5)
  12 foxfires
  34 fungi
  3 pillars of salt (Orc:2)
  22 plants
80 creatures vanquished.

Grand Total: 859 creatures vanquished

Notes
Turn   | Place    | Note
-------+----------+-------------------------------------------
     0 | D:1      | Gabide the Naga Monk began the quest for the Orb.
     0 | D:1      | Reached XP level 1. HP: 21/21 MP: 1/1
    76 | D:1      | Reached XP level 2. HP: 24/28 MP: 2/2
   505 | D:1      | Reached XP level 3. HP: 34/34 MP: 3/3
   789 | D:1      | Found a faded altar of an unknown god.
  1151 | D:2      | Reached skill level 4 in Stealth
  1759 | D:3      | Noticed Robin
  1777 | D:3      | Reached XP level 4. HP: 41/42 MP: 4/4
  1791 | D:3      | Killed Robin
  2216 | D:3      | Noticed Grinder
  2219 | D:3      | Killed Grinder
  2220 | D:3      | Reached skill level 5 in Stealth
  2220 | D:3      | Reached XP level 5. HP: 50/50 MP: 5/5
  2220 | D:3      | Reached XP level 6. HP: 57/57 MP: 6/6
  3062 | D:4      | Found a broken altar of Ashenzari.
  3220 | D:4      | Found a runed translucent door.
  3221 | D:4      | Noticed Voland's ghost (amateur TeAE)
  3412 | D:5      | Entered Level 5 of the Dungeon
  3769 | D:5      | Found an ancient bone altar of Kikubaaqudgha.
  3795 | D:5      | Found a radiant altar of Vehumet.
  3801 | D:5      | Reached skill level 6 in Stealth
  3809 | D:5      | Found a shimmering blue altar of Sif Muna.
  3875 | D:5      | Noticed a black bear
  3893 | D:5      | Killed a black bear
  3894 | D:5      | Reached XP level 7. HP: 66/66 MP: 7/7
  4456 | D:6      | Reached skill level 5 in Short Blades
  4913 | D:5      | Reached skill level 5 in Fighting
  4913 | D:5      | Reached skill level 7 in Stealth
  5400 | D:6      | Found Ruulur's Jewellery Shoppe.
  5432 | D:6      | Reached XP level 8. HP: 37/74 MP: 8/8
  5795 | D:6      | Reached skill level 8 in Stealth
  5931 | D:6      | Found a staircase to the Ecumenical Temple.
  5950 | Temple   | Entered the Ecumenical Temple
  5958 | Temple   | Became a worshipper of Dithmenos the Shadowed
  5958 | Temple   | Reached * piety under Dithmenos
  5958 | Temple   | Reached ** piety under Dithmenos
  6216 | D:6      | Found a hide-covered altar of Uskayaw.
  6382 | D:7      | Found Dimpicri's Antique Weapon Boutique.
  6463 | D:7      | Noticed Duvessa
  6466 | D:7      | Noticed Dowan
  6479 | D:7      | Killed Duvessa
  6485 | D:7      | Killed Dowan
  6648 | D:7      | Reached skill level 5 in Dodging
  6901 | D:7      | Reached skill level 9 in Stealth
  6912 | D:7      | Reached XP level 9. HP: 81/82 MP: 9/9
  7407 | D:8      | Reached skill level 10 in Stealth
  7944 | D:8      | Noticed a hornet
  7969 | D:8      | Paralysed by a hornet for 1 turns
  7975 | D:8      | Killed a hornet
  7976 | D:8      | Reached skill level 11 in Stealth
  8034 | D:8      | Reached XP level 10. HP: 73/94 MP: 10/10
  8096 | D:8      | Found a staircase to the Lair.
  8648 | D:8      | Reached skill level 12 in Stealth
  8979 | D:8      | Found Watig's General Store.
  8982 | D:8      | Bought a +0 pair of gloves for 63 gold pieces
  9184 | D:8      | Found a shimmering altar of Xom.
  9225 | Lair:1   | Entered Level 1 of the Lair of Beasts
  9322 | Lair:1   | Noticed a cane toad
  9324 | Lair:1   | Killed a cane toad
  9327 | Lair:1   | Identified the +9 whip "Ynet Ohu" {vorpal, Will++}
  9371 | Lair:1   | Noticed a black mamba
  9391 | Lair:1   | Killed a black mamba
  9575 | Lair:1   | Reached skill level 13 in Stealth
  9582 | Lair:1   | Noticed a cane toad
  9586 | Lair:1   | Killed a cane toad
  9587 | Lair:1   | Reached skill level 1 in Armour
  9587 | Lair:1   | Reached XP level 11. HP: 106/106 MP: 11/11
  9689 | Lair:1   | Noticed an eight-headed hydra
  9693 | Lair:1   | Killed an eight-headed hydra
  9706 | Lair:1   | Reached *** piety under Dithmenos
  9936 | Lair:2   | Noticed a lindwurm
  9958 | Lair:2   | Killed a lindwurm
 10027 | Lair:2   | Noticed a death yak
 10027 | Lair:2   | Noticed a death yak
 10044 | Lair:2   | Killed a death yak
 10050 | Lair:2   | Killed a death yak
 10449 | Lair:2   | Found a staircase to the Swamp.
 10461 | Lair:2   | Reached XP level 12. HP: 115/115 MP: 12/12
 10496 | Lair:2   | Reached skill level 14 in Stealth
 10946 | Lair:3   | Found a hole to the Spider Nest.
 11113 | Lair:3   | Noticed Gastronok
 11124 | Lair:3   | Killed Gastronok
 11125 | Lair:3   | Reached skill level 10 in Fighting
 11125 | Lair:3   | Reached skill level 10 in Short Blades
 11399 | Lair:3   | Found the +2 hat of the Bear Spirit {Spirit, *Rage Will++}
 11574 | Lair:3   | Reached **** piety under Dithmenos
 11703 | Lair:3   | Noticed a five-headed hydra
 11717 | Lair:3   | Killed a five-headed hydra
 11808 | Lair:3   | Reached skill level 15 in Stealth
 12493 | Lair:4   | Found a viscous altar of Jiyva.
 12494 | Lair:4   | Found a staircase to the Slime Pits.
 12758 | Lair:4   | Got Puohucin's Grimoire of the Ass
 12780 | Lair:4   | Found a hide-covered altar of Uskayaw.
 12780 | Lair:4   | Found an ornate altar of the Wu Jian Council.
 12780 | Lair:4   | Noticed a boulder beetle
 12802 | Lair:4   | Killed a boulder beetle
 12803 | Lair:4   | Gained mutation: You can use your snake-like lower body to
                  | constrict enemies. [Naga growth]
 12803 | Lair:4   | Reached XP level 13. HP: 114/126 MP: 11/13
 12818 | Lair:4   | Noticed Kirke
 13017 | Lair:4   | Reached skill level 16 in Stealth
 13272 | Lair:4   | Killed Kirke
 13711 | Lair:5   | Entered Level 5 of the Lair of Beasts
 13793 | Lair:5   | Reached ***** piety under Dithmenos
 13876 | Lair:5   | Reached skill level 17 in Stealth
 14490 | Lair:5   | Reached XP level 14. HP: 119/138 MP: 10/14
 14618 | Lair:5   | Reached skill level 10 in Dodging
 14908 | Lair:5   | Reached skill level 18 in Stealth
 15339 | Lair:5   | Identified the +6 scale mail of the Barracuda {Rampage rC-
                  | rN+++ Int+2}
 16254 | D:9      | Reached ****** piety under Dithmenos
 16560 | D:9      | Found an opulent altar of Gozag.
 16706 | D:9      | Found a transporter.
 16708 | D:9      | Found a transporter.
 16713 | D:9      | Found a bloodstained altar of Trog.
 16723 | D:9      | Noticed solar's ghost (novice GrFi)
 16789 | D:9      | Found a snail-covered altar of Cheibriados.
 16912 | D:10     | Entered Level 10 of the Dungeon
 16956 | D:10     | Found a flagged portal.
 16971 | Bailey   | Entered a bailey
 17360 | D:10     | Identified the +1 leather armour "Lejuy" {Harm rPois Int-2
                  | Dex+4}
 17450 | D:10     | Found an ornate altar of the Wu Jian Council.
 17515 | D:10     | Found a staircase to the Orcish Mines.
 17615 | D:10     | Found Roneucremi's Antique Weapon Emporium.
 17792 | D:10     | Found a burning altar of Makhleb.
 17795 | D:10     | Found a basalt altar of Yredelemnul.
 17795 | D:10     | Found a glowing golden altar of the Shining One.
 17927 | D:11     | Noticed Urug
 17934 | D:11     | Killed Urug
 17935 | D:11     | Reached skill level 19 in Stealth
 18735 | D:12     | Reached XP level 15. HP: 148/148 MP: 15/15
 18757 | D:12     | Noticed Rupert
 18759 | D:12     | Killed Rupert
 18801 | D:12     | Identified the +3 ring mail "Ywet" {Will+}
 19105 | D:13     | Noticed Lodul
 19242 | D:13     | Killed Lodul
 19322 | D:13     | Noticed Erolcha
 19322 | D:13     | Noticed Sonja
 19324 | D:13     | Killed Erolcha
 19346 | D:13     | Killed Sonja
 19393 | D:13     | Found a gate to the Vaults.
 19994 | D:13     | Identified a scroll of acquirement
 19994 | D:13     | Acquired 989 gold pieces
 20492 | D:14     | Reached skill level 20 in Stealth
 20876 | D:14     | Found a basalt altar of Yredelemnul.
 21547 | D:15     | Entered Level 15 of the Dungeon
 21636 | D:15     | Found a runed translucent door.
 21644 | D:15     | Noticed Waecyras's ghost (adept KoGl)
 21653 | D:15     | Identified the +0 ring mail of the Beekeeper {-Tele rPois
                  | rN+}
 21806 | D:15     | Found a shimmering altar of Xom.
 22227 | D:15     | Found a staircase to the Depths.
 23640 | Orc:1    | Entered Level 1 of the Orcish Mines
 24028 | Orc:1    | Noticed Harold
 24042 | Orc:1    | Killed Harold
 24716 | Orc:2    | Entered Level 2 of the Orcish Mines
 25124 | Orc:2    | Noticed an orc warlord
 25127 | Orc:2    | Killed an orc warlord
 25128 | Orc:2    | Reached XP level 16. HP: 147/159 MP: 11/16
 25424 | Orc:2    | Noticed Maurice
 25430 | Orc:2    | Killed Maurice
 25432 | Orc:2    | Found a staircase to the Elven Halls.
 25624 | Orc:2    | Reached skill level 21 in Stealth
 25691 | Orc:2    | Found Pexzu's Jewellery Shoppe.
 26049 | Orc:2    | Found Odolef's Assorted Antiques.
 26268 | Orc:2    | Bought the ring of Ihuddygilof {rN+ rCorr Str+3 Int+2
                  | Stlth+} for 578 gold pieces
 26274 | Orc:2    | Bought a scroll of enchant armour for 255 gold pieces
 26274 | Orc:2    | Bought a scroll of fog for 136 gold pieces
 26274 | Orc:2    | Bought a scroll of teleportation for 102 gold pieces
 26280 | Orc:2    | Bought an amulet of regeneration for 390 gold pieces
 26308 | Orc:2    | Found Hiluh's Book Boutique.
 26341 | Orc:2    | Found Esacrima's Armour Shoppe.
 26359 | Orc:2    | Bought a +0 pair of gloves of dexterity for 161 gold pieces
 26715 | Swamp:1  | Entered Level 1 of the Swamp
 27008 | Swamp:1  | Paralysed by a hornet for 3 turns
 27044 | Swamp:1  | Noticed a thorn hunter
 27049 | Swamp:1  | Killed a thorn hunter
 27902 | Swamp:2  | Reached skill level 15 in Short Blades
 27986 | Swamp:2  | Reached skill level 15 in Fighting
 28251 | Swamp:3  | Reached skill level 22 in Stealth
 28778 | Swamp:4  | Entered Level 4 of the Swamp
 28788 | Swamp:4  | Noticed Bai Suzhen
 28790 | Swamp:4  | Reached XP level 17. HP: 148/170 MP: 17/17
 28791 | Swamp:4  | Killed Bai Suzhen
 29345 | Swamp:4  | HP: 2/170 [bog body (10)]
 29345 | Swamp:4  | Slain by an eight-headed hydra

Illustrated notes

Levels and vault maps discovered:
D:1:      mrwooster_arrival_statue_2, layout_loops_ring,
          ebering_ecumenical_altar_webs
D:2:      layout_loops_cross
D:3:      layout_loops_ring, kennysheep_donut, roderic_roman_lattice,
          chequers_mini_garden, uniq_grinder, uniq_robin
D:4:      layout_loops_cross, lemuel_doored_altar, gammafunk_ghost_grave
D:5:      layout_loops_ring, palyth_temple_overflow_mages, nicolae_wormholes
D:6:      layout_cave_pools, kennysheep_mini, minmay_temple_entry_crystal_x,
          serial_shops, shop_fountains, chequers_serial_rivers_micro_d
D:7:      layout_loops_ring, serial_shops, shop, uniq_duvessa
D:8:      layout_loops_ring, mainiacjoe_overflow_alcove_2, erik_lair_island,
          serial_shops, kennysheep_mini_moat, kennysheep_generic_room_11
D:9:      minmay_distorted_concentric_squares, layout_cave_pods,
          nicolae_gozag_cash_rules_everything_around_me, general_overflow_altar,
          gammafunk_ghost_wrathful_warriors, mrwooster_statue_mirror,
          minmay_misc_feat_doors, chequers_serial_rivers_small_b
D:10:     layout_small_grid, mainiacjoe_overflow_boulevard,
          gammafunk_temple_overflow_forgotten, minmay_orc_entry_temple_small,
          serial_shops, shop, enter_bailey_3, minmay_mirror_moons_of_madness
D:11:     layout_basic, uniq_urug
D:12:     layout_long_grid, dk_noncrumbling_2, uniq_rupert
D:13:     layout_rooms, david_vaults_5, uniq_lodul, uniq_erolcha, uniq_sonja
D:14:     layout_grid_maze, yredelemnul_altar_generic
D:15:     gammafunk_enter_depths_forms, layout_irregular_city,
          ebering_ghost_inner_flame, xom_teletrap_fun
Temple:   nicolae_temple_two_arcs
Lair:1:   layout_loops_ring, minivault_27, dreamdust_deal_with_the_devil
Lair:2:   layout_chaotic_city, minmay_swamp_entry_worms, forest_entry_grove,
          serial_bayou_shore_a, grunt_megastairs_5, lemuel_fruit_tree
Lair:3:   layout_layer_cave, nicolae_spider_entry_tight_spaces, ice2_lemuel,
          lemuel_fruit_fields, grunt_megastairs_4, uniq_gastronok
Lair:4:   layout_hall_layers, slime_entry_1, nzn_masters_of_martial_movement,
          uniq_kirke
Lair:5:   minmay_lair_end_enchanted_forest, layout_cellular_growth,
          portal_ice_cave_entry_pillars_1, chequers_serial_rivers_small_b
Swamp:1:  layout_basic_swamp, evilmike_swamp_ruin_house_1
Swamp:2:  layout_basic_swamp, nicolae_swamp_dense_foliage
Swamp:3:  layout_falls_marsh, evilmike_swamp_ruin_rubble_2
Swamp:4:  swamp_vile, layout_basic_swamp, nicolae_swamp_stuck_in_the_mud,
          uniq_bai_suzhen
Orc:1:    cheibrodos_orc_guarddog, layout_diamond_mine, uniq_harold
Orc:2:    hellmonk_orc_salted, layout_diamond_mine, nicolae_orc_lava_tube,
          uniq_maurice

Skill      XL: |  1  2  3  4  5  6  7  8  9 10 11 12 13 14 15 16 17 |
---------------+----------------------------------------------------+-----
Stealth        | 4 5 6 7 9 11 13 15 17 19 20 22 | 22.8
Dodging        | 3 4 5 6 7 8 9 10 11 12 13 | 13.0
Fighting       | 4 5 6 7 9 10 12 13 14 15 | 15.6
Short Blades   | 4 5 6 7 9 10 12 13 14 15 | 15.6
Armour         | 1 4 |  4.0
Shields        | 4 |  4.0

Action                   |  1- 3 |  4- 6 |  7- 9 | 10-12 | 13-15 | 16-18 || total
-------------------------+-------+-------+-------+-------+-------+-------++-------
Melee: Short sword       |    37 |    41 |   103 |       |       |       ||   181
       Punch             |       |       |     3 |     6 |       |       ||     9
       Dagger            |       |       |   148 |   610 |  1614 |   599 ||  2971
       Constrict         |       |       |       |       |   224 |    54 ||   278
       Whip              |       |       |       |       |     3 |       ||     3
Throw: Dart              |       |       |     9 |     5 |     7 |     3 ||    24
       Throwing net      |       |       |       |     1 |       |       ||     1
Invok: Shadow Step       |       |       |       |       |     5 |     4 ||     9
 Abil: Spit Poison       |    45 |    36 |    64 |    25 |    12 |     2 ||   184
Evoke: Wand              |       |     2 |     5 |    13 |    19 |     1 ||    40
       Lightning rod     |       |       |       |       |       |     4 ||     4
  Use: Scroll            |     5 |     6 |     4 |    13 |    22 |     5 ||    55
       Potion            |       |       |     5 |     9 |     7 |    12 ||    33
 Stab: Sleeping          |       |       |     8 |    44 |   105 |    74 ||   231
       Invisible         |       |       |     6 |     6 |     3 |    13 ||    28
       Distracted        |       |       |       |       |     5 |     6 ||    11
       Petrifying        |       |       |       |       |     2 |       ||     2
Armor: Robe              |     8 |    13 |    41 |    17 |       |       ||    79
       Skin              |       |       |       |    15 |       |       ||    15
       Troll leather arm |       |       |       |    80 |   256 |       ||   336
       Ring mail         |       |       |       |       |   120 |   134 ||   254
Dodge: Dodged            |    16 |    12 |   141 |   262 |   848 |   343 ||  1622
Block: Buckler           |       |       |       |   134 |   430 |   192 ||   756
